 Dungeon Crawl Stone Soup version 0.31-a0-846-gb3bcc0d938 (webtiles) character file.

Game seed: 14745702785771336928

159 zero the Magician (level 5, -4/28 HPs)
             Began as a Deep Elf Earth Elementalist on Oct 3, 2023.
             Slain by a gnoll
             ... wielding a +0 spear
              (5 damage)
             ... on level 3 of the Dungeon.
             The game lasted 00:03:05 (2527 turns).

zero the Magician (Deep Elf Earth Elementalist)     Turns: 2527, Time: 00:03:06

Health: -4/28      AC:  3    Str:  5    XL:     5   Next: 17%
Magic:  3/14       EV: 12    Int: 22    God:
Gold:   108        SH:  0    Dex: 15    Spells: 10/14 levels left

rFire   + . .        n - staff of cold
rCold   + . .        (no shield)
rNeg    . . .        a - +0 robe
rPois   .            (no helmet)
rElec   .            (no cloak)
rCorr   .            h - +0 pair of gloves
SInv    .            (no boots)
Will    .....        (no amulet)
Stlth   ++           j - ring of protection from fire
HPRegen 0.24/turn    (no ring)
MPRegen 0.14/turn

%: no passive effects
@: very slightly contaminated
A: no striking features
a: no special abilities


You were on level 3 of the Dungeon.
You visited 1 branch of the dungeon, and saw 3 of its levels.

You collected 108 gold pieces.

Inventory:

Hand Weapons
 c - a +0 dagger
 r - a +2 vampiric whip
Armour
 a - a +0 robe (worn)
 h - a +0 pair of gloves (worn)
Magical Staves
 n - a staff of cold (weapon)
Jewellery
 j - a ring of protection from fire (left hand)
 m - a ring of positive energy
Scrolls
 d - 2 scrolls of teleportation {unknown}
 e - a scroll of immolation {unknown}
 g - 2 scrolls of noise {unknown}
 k - 2 scrolls of amnesia {unknown}
 l - a scroll of fear {unknown}
 p - a scroll of silence {unknown}
 s - a scroll of fog {unknown}
Potions
 b - a potion of magic
 f - a potion of cancellation {unknown}
 i - a potion of degeneration {unknown}
 o - a potion of haste {unknown}
 q - a potion of attraction {unknown}


   Skills:
 - Level 2.4 Dodging
 - Level 2.4 Stealth
 - Level 5.0 Spellcasting
 + Level 2.8 Conjurations
 - Level 1.1 Transmutations
 + Level 4.5 Earth Magic


You had 10 spell levels left.
You knew the following spells:

 Your Spells              Type           Power      Damage    Failure   Level
a - Sandblast             Erth           50%        2d12      1%          1
b - Stone Arrow           Conj/Erth      42%        3d9       7%          3

Your spell library contained the following spells:

 Spells                   Type           Power      Damage    Failure   Level
 Passwall                 Tmut/Erth      14%        N/A       4%          2
 Brom's Barrelling Bould  Conj/Erth      21%        2d4       22%         4
 Petrify                  Tmut/Erth      17%        N/A       30%         4


Dungeon Overview and Level Annotations

Branches:
Dungeon (3/15)

Altars:
Nemelex Xobeh

Annotations:
D:2 Sigmund


Message History

The gnoll hits you with a +0 whip.
The blast of sand hits the gnoll!
You kill the gnoll!
The gnoll hits you with a +0 flail! The gnoll closely misses you.
The gnoll barely misses you.
The gnoll hits you from afar with a +0 spear.
You are too injured to fight recklessly!
You are too injured to fight recklessly!
You are too injured to fight recklessly!
Casting: Sandblast (safe; 1% risk of failure)
Confirm with . or Enter, or press ? or * to list all spells.
You don't know that spell.
The gnoll attacks as it pursues you! The gnoll hits you with a +0 flail.
* * * LOW HITPOINT WARNING * * *
The gnoll attacks as it pursues you! The gnoll barely misses you.
Casting: Sandblast (safe; 1% risk of failure)
Confirm with . or Enter, or press ? or * to list all spells.
Aiming: Stone Arrow (quite dangerous; 7% risk of failure)
Press: ? - help, Shift-Dir - straight line, f - gnoll
Aim: a gnoll, wielding a +0 flail (75% to hit)
The stone arrow hits the gnoll!
The gnoll is almost dead.
The gnoll closely misses you.
Casting: Stone Arrow (quite dangerous; 7% risk of failure)
Confirm with . or Enter, or press ? or * to list all spells.
Aiming: Stone Arrow (quite dangerous; 7% risk of failure)
Press: ? - help, Shift-Dir - straight line, f/p - gnoll
Aim: a gnoll, wielding a +0 flail (almost dead, 75% to hit)
The stone arrow hits the gnoll!
You kill the gnoll!
The gnoll hits you from afar with a +0 spear.
* * * LOW HITPOINT WARNING * * *
Casting: Stone Arrow (quite dangerous; 7% risk of failure)
Confirm with . or Enter, or press ? or * to list all spells.
Aiming: Stone Arrow (quite dangerous; 7% risk of failure)
Press: ? - help, Shift-Dir - straight line, f - gnoll
Aim: a gnoll, wielding a +0 spear and wearing a +0 ring mail (79% to hit)
The stone arrow misses the gnoll.
The gnoll hits you from afar with a +0 spear.
You die...

gg#.g##[...#.)'...####.######
..##.##g.#.#####.......# ..
#..#.....#..'.......# ..
##.g.##..#..#..####.## ..
##..##.P####..)).#..######
##..#..#..#..#..#.......#
##.#..#.†'..####..####.#
.#.P####........#
.#.......@......#
..#######)#####.# ..
#####g....#...
#......##.#####..#
#.##......#)........#
#.........#)######.##
###.......#.)†.......
#.......#<#.....###
##......###.#...#


You could see a gnoll.

Vanquished Creatures
  An orc wizard (D:3)
  2 gnolls (D:3)
  3 adders
  A worm (D:2)
  2 dart slugs
  5 orcs (D:3)
  7 ball pythons
  3 endoplasms
  4 giant cockroaches
  9 goblins
  11 hobgoblins
  6 quokkas
  8 bats
  4 frilled lizards
  5 kobolds
  4 rats
75 creatures vanquished.

Notes
Turn   | Place    | Note
-------+----------+-------------------------------------------
     0 | D:1      | zero the Deep Elf Earth Elementalist began the quest for
                  | the Orb.
     0 | D:1      | Reached XP level 1. HP: 10/10 MP: 6/6
   170 | D:1      | Reached skill level 4 in Spellcasting
   170 | D:1      | Reached XP level 2. HP: 15/15 MP: 7/9
   638 | D:1      | Reached XP level 3. HP: 19/19 MP: 8/10
   642 | D:1      | Learned a level 3 spell: Stone Arrow
   764 | D:1      | Reached skill level 1 in Conjurations
  1497 | D:2      | Found a sparkling altar of Nemelex Xobeh.
  1512 | D:2      | Reached XP level 4. HP: 24/24 MP: 10/12
  1678 | D:2      | Noticed Sigmund
  1905 | D:3      | Reached skill level 5 in Spellcasting
  2477 | D:3      | Reached XP level 5. HP: 28/28 MP: 10/14
  2526 | D:3      | HP: 1/28 [gnoll/+0 spear (5)]
  2527 | D:3      | Slain by a gnoll

Illustrated notes

Levels and vault maps discovered:
D:1:      mrwooster_arrival_statue_3, layout_basic, nicolae_the_louvre
D:2:      layout_loops_ring, basic_altar, uniq_sigmund
D:3:      corexii_shack_village, layout_basic, mainiacjoe_overflow_catwalk,
          nicolae_hepliaklqana_monster_ancestors

Skill      XL: |  1  2  3  4 |
---------------+-------------+-----
Spellcasting   | 4 5 |  5.0
Conjurations   | 1 2 |  2.8
Earth Magic    | 4 |  4.5
Dodging        | |  2.4
Stealth        | |  2.4
Transmutations | |  1.1

Action                     |  1- 3 |  4- 6 || total
---------------------------+-------+-------++-------
  Melee: Dagger            |     6 |       ||     6
         Punch             |     1 |       ||     1
   Cast: Sandblast         |    63 |    33 ||    96
         Stone Arrow       |       |     3 ||     3
 Armour: Robe              |    27 |    14 ||    41
  Dodge: Dodged            |    37 |     9 ||    46

Table legend: (Time is in decaauts)
 A = Elapsed time spent in this place.
 B = Non-inter-level travel time spent in this place.
 C = Inter-level travel time spent in this place.
 D = Time resting spent in this place.
 E = Time spent auto-exploring this place.
 F = Levels seen in this place.
 G = Mean time per level.
                   A        B        C        D        E       F      G
               +--------+--------+--------+--------+--------+-----+--------+
         Total |   2573 |   2501 |     72 |    165 |   1907 |   3 |  857.7 |
       Dungeon |   2573 |   2501 |     72 |    165 |   1907 |   3 |  857.7 |
               +--------+--------+--------+--------+--------+-----+--------+

Top non-repeatable levels by time:
     D:1: 1055 daAuts
     D:2: 861 daAuts
     D:3: 655 daAuts
